 Dungeon Crawl Stone Soup version 0.25-a0-510-ge065f6de7d (webtiles) character file.

Game seed: 4726559638499941159, levelgen mode: deterministic

205 Error4North the Covered (level 5, -5/46 HPs)
             Began as a Hill Orc Fighter on Feb 15, 2020.
             Killed by nerve-wracking pain
             ... invoked by an orc priest
              (13 damage)
             ... on level 5 of the Dungeon.
             The game lasted 00:04:49 (2243 turns).

Error4North the Covered (Hill Orc Fighter)          Turns: 2243, Time: 00:04:49

Health: -5/46      AC: 10    Str: 25    XL:     5   Next: 83%
Magic:  5/5        EV:  8    Int:  8    God:
Gold:   89         SH: 10    Dex: 10    Spells: 4/4 levels left

rFire    . . .     SeeInvis .   a - +0 war axe
rCold    . . .     Gourm    .   c - +0 kite shield
rNeg     . . .     Faith    .   b - +0 scale mail
rPois    .         Spirit   .   q - +2 helmet
rElec    .         Reflect  .   (no cloak)
rCorr    .         Harm     .   (no gloves)
MR       .....                  (no boots)
Stlth    ..........             (no amulet)
HPRegen  0.15/turn              (no ring)
MPRegen  0.09/turn              (no ring)

@: mighty
A: no striking features
a: Convert to Beogh


You were on level 5 of the Dungeon.
You were hungry.

You visited 1 branch of the dungeon, and saw 4 of its levels.

You collected 89 gold pieces.

Inventory:

Hand Weapons
 a - a +0 war axe (weapon)
Armour
 b - a +0 scale mail (worn)
 c - a +0 kite shield (worn)
 q - a +2 helmet (worn)
Jewellery
 g - a +3 ring of protection {unknown}
Scrolls
 e - 2 scrolls of identify {unknown}
 h - 2 scrolls of remove curse {unknown}
 i - 4 scrolls of fog {unknown}
 k - 2 scrolls of teleportation {unknown}
 l - a scroll of enchant weapon {unknown}
 n - a scroll of fear {unknown}
Potions
 j - 2 potions of degeneration {unknown}
 m - a potion of resistance {unknown}
 o - a potion of curing {unknown}
 p - a potion of flight {unknown}
 r - 2 potions of brilliance {unknown}
 s - a potion of berserk rage {unknown}
Comestibles
 f - 6 rations


   Skills:
 + Level 4.1 Fighting
 + Level 4.5 Axes
 * Level 4.7 Armour
 + Level 0.6 Dodging
 * Level 4.6 Shields


You had 4 spell levels left.
You didn't know any spells.
Your spell library was empty.

Dungeon Overview and Level Annotations

Branches:
Dungeon (3/15)

Altars:
Elyvilon
Fedhas

Shops:
D:5 =


Message History

The centaur shoots an arrow.
You block the arrow. Something hits you but does no damage.
The orc priest looks encouraged for a moment.
Your shield and scale mail prevent you from hitting something.
Something hits you but does no damage.
The centaur shoots an arrow.
The arrow hits you!
You closely miss something. Something hits you but does no damage.
The centaur shoots an arrow.
Something hits you.
* * * LOW HITPOINT WARNING * * *
Unknown command.
You closely miss something. Something hits you.
* * * LOW HITPOINT WARNING * * *
You hit something.
The centaur shoots an arrow.
Reactivating autopickup.
You feel a bit more experienced.
You slash the orc priest!
The orc priest is almost dead.
The orc priest mumbles some strange prayers to Beogh against you.
Pain shoots through your body!
You die...

##.o...###...#
####oo.....######
#...oa.....#
#o##.......#
#.########## #o#
#.# #####
#o###......
#co@.......
#####...... .....
.... ... ##


You could see a centaur, an orc priest and an orc.

Vanquished Creatures
  A hound (D:5)
  Natasha (thrice) (D:2)
  3 adders
  A dart slug (D:1)
  3 leopard geckos
  6 orcs (D:3)
  5 bats
  2 giant cockroaches
  7 goblins
  10 hobgoblins
  4 jackals (D:1)
  6 kobolds
  A ball python (D:1)
  A frilled lizard (D:1)
  3 rats (D:1)
56 creatures vanquished.

Vanquished Creatures (others)
  An orc wizard (D:5)
1 creature vanquished.

Grand Total: 57 creatures vanquished

Notes
Turn   | Place    | Note
-------+----------+-------------------------------------------
     0 | D:1      | Error4North the Hill Orc Fighter began the quest for the
                  | Orb.
     0 | D:1      | Reached XP level 1. HP: 19/19 MP: 1/1
   141 | D:1      | Reached XP level 2. HP: 22/27 MP: 2/2
   312 | D:1      | Reached XP level 3. HP: 29/33 MP: 3/3
   927 | D:2      | Noticed Natasha
   932 | D:2      | Killed Natasha
   932 | D:2      | Reached XP level 4. HP: 40/40 MP: 4/4
  1251 | D:2      | Noticed Natasha
  1257 | D:2      | Killed Natasha
  1276 | D:2      | Noticed Natasha
  1288 | D:2      | Killed Natasha
  1288 | D:2      | Reached XP level 5. HP: 9/46 MP: 5/5
  1694 | D:3      | Found a white marble altar of Elyvilon.
  2164 | D:3      | You fall into a shaft and drop 2 floors!
  2164 | D:5      | Entered Level 5 of the Dungeon
  2164 | D:5      | Found a blossoming altar of Fedhas.
  2164 | D:5      | Noticed an ogre
  2167 | D:5      | Found Feophua's Jewellery Shoppe.
  2194 | D:5      | Noticed a centaur
  2243 | D:5      | Killed from afar by an orc priest

Levels and vault maps discovered:
D:1:      minmay_arrival_shattered_statue, layout_loops_ring,
          hangedman_decor_growths
D:2:      layout_basic, uniq_natasha
D:3:      layout_loops_cross, nicolae_dithmenos_shadow_blocks,
          overflow_temple_1_default, elyvilon_altar_4, serial_bayou,
          serial_bayou_lake_a, serial_bayou_pond_d, serial_bayou_pond_b,
          serial_bayou_pond_c
D:5:      layout_basic, fedhas_altar_3, serial_shops,
          nicolae_shop_competitors_out_of_business, kennysheep_little_box,
          gammafunk_ghost_necromancy

Skill      XL: |  1  2  3  4 |
---------------+-------------+-----
Axes           | 3 4 |  4.5
Fighting       | 4 |  4.1
Shields        | 4 |  4.6
Armour         | 4 |  4.7
Dodging        | |  0.6

Action                   |  1- 3 |  4- 6 || total
-------------------------+-------+-------++-------
Melee: War axe           |   104 |    91 ||   195
  Use: Potion            |       |     1 ||     1
  Eat: Chunk             |       |     4 ||     4
Armor: Scale mail        |    51 |    59 ||   110
Dodge: Dodged            |    26 |    42 ||    68
Block: Kite shield       |    66 |    72 ||   138

Table legend:
 A = Non-vault XP
 B = Vault XP
 C = Vault XP percentage of total XP
 D = Non-vault monster count
 E = Vault monster count
 F = Vault count percentage of total count
                 A         B        C        D         E       F
            +---------+---------+-------+---------+---------+-------
      Total |     223 |      70 |  23.9 |      50 |       7 |  12.3
            +---------+---------+-------+---------+---------+-------
        D:1 |      52 |       0 |   0.0 |      29 |       0 |   0.0
        D:2 |      85 |      33 |  28.0 |      11 |       1 |   8.3
        D:3 |      20 |      37 |  64.9 |       7 |       6 |  46.2
        D:5 |      66 |       0 |   0.0 |       3 |       0 |   0.0
            +---------+---------+-------+---------+---------+-------
